 Dungeon Crawl Stone Soup version 0.20.0-15-g7f486f2 (webtiles) character file.

218 renl the Conjurer (level 5, -2/39 HPs)
             Began as a Draconian Conjurer on July 7, 2017.
             Killed from afar by Sigmund (10 damage)
             ... with a puff of flame
             ... on level 3 of the Dungeon.
             The game lasted 00:17:47 (2219 turns).

renl the Conjurer (Draconian Conjurer)              Turns: 2219, Time: 00:17:48

Health: -2/39      AC:  6    Str: 10    XL:     5   Next: 63%
Magic:  2/9        EV: 13    Int: 16    God:
Gold:   132        SH:  0    Dex: 16    Spells: 6/10 levels left

rFire    . . .     SeeInvis .   d - +2 falchion (slice)
rCold    . . .     Gourm    .   (no shield)
rNeg     . . .     Faith    .   (armour unavailable)
rPois    .         Spirit   .   (helmet restricted)
rElec    .         Reflect  .   (no cloak)
rCorr    .         Harm     .   m - +0 pair of gloves
MR       +....                  (no boots)
Stlth    ++........             (no amulet)
Regen    0.2/turn               i - ring of protection from magic
MPRegen  0.2/turn               p - +4 ring of dexterity

@: no status effects
A: unfitting armour, cold-blooded, AC +5
a: no special abilities


You were on level 3 of the Dungeon.
You were not hungry.

You visited 1 branch of the dungeon, and saw 3 of its levels.

You collected 132 gold pieces.

Inventory:

Hand Weapons
 d - a +2 falchion of slicing (weapon)
Armour
 m - a +0 pair of gloves (worn)
Jewellery
 i - a ring of protection from magic (left hand)
 p - a +4 ring of dexterity (right hand)
 r - an uncursed ring of see invisible
Wands
 k - a wand of random effects (15/48)
Scrolls
 c - 2 scrolls of remove curse {unknown}
 e - a scroll of identify {unknown}
 g - a scroll of enchant weapon {unknown}
 l - a scroll of magic mapping {unknown}
 o - a scroll of amnesia {unknown}
Potions
 h - a potion of brilliance {unknown}
 j - 2 potions of flight {unknown}
 n - a potion of degeneration {unknown}
 q - 2 potions of mutation {unknown}
 s - a potion of curing {unknown}
Books
 a - a book of Conjurations

   Spells                             Type                      Level
   a - Magic Dart                     Conjuration                  1
   b - Searing Ray                    Conjuration                  2
   c - Dazzling Spray                 Conjuration/Hexes            3
   d - Fulminant Prism                Conjuration/Hexes            4
   e - Force Lance                    Conjuration/Translocation    4
   f - Iskenderun's Mystic Blast      Conjuration                  4
Comestibles
 b - 2 bread rations
 f - 9 chunks of flesh
 t - a meat ration


   Skills:
 + Level 0.7 Fighting
 + Level 1.8 Long Blades
 + Level 2.5 Dodging
 - Level 1.7 Stealth
 + Level 3.3 Spellcasting
 + Level 5.3 Conjurations
 + Level 0.4 Evocations


You had 6 spell levels left.
You knew the following spells:

 Your Spells              Type           Power        Failure   Level  Hunger
a - Magic Dart            Conj           ###.         1%          1    None
b - Dazzling Spray        Conj/Hex       ##....       19%         3    ###....


Dungeon Overview and Level Annotations

Branches:
Dungeon (3/15)

Altars:
Kikubaaqudgha
Makhleb
Okawaru
Trog

Annotations:
D:3 Sigmund


Innate Abilities, Weirdness & Mutations

Your plain brown scales are hard. (AC +5)
You cannot fit into any form of body armour.
You are cold-blooded and may be slowed by cold attacks.


Message History

The magic dart hits the orc priest.
The orc priest is almost dead.
The orc priest closely misses you.
Sigmund mumbles some strange words.
Sigmund flickers and vanishes!
Deactivating autopickup; reactivate with Ctrl-A.
The orc priest calls down the wrath of Beogh upon you.
Beogh smites you!
The orc priest invokes the aid of Beogh against you.
The orc priest calls down the wrath of Beogh upon you.
Beogh smites you!
The orc priest calls down the wrath of Beogh upon you.
You resist with some effort.
You see here a falchion.
The orc priest invokes the aid of Beogh against you.
Beogh smites you!
* * * LOW HITPOINT WARNING * * *
A puff of flame appears from out of thin air!
The puff of flame hits you!
You die...

## #.##....#### #...#
######.##.......# #...# ###
#.....o##†##.##.######)..####
..#
#............##.#........(...
#.#
#.......{)...................
#.#
#.....###).#..#.#.......(....
#.# #.....
#..#..#.######...####
#.###########.......# #...# #
...........##...@.### #...# #
#.#...............# #...# #
#.#..##.#...#.###.# #...####
#........(.....>..# ##.###..
###..##.#...#.#####
######.###.. ###........##.#
####.......#...
..............#
#.............(
###############
###.....#........
#.......#.....#._


You could see an orc priest.

Vanquished Creatures
  An orc priest (D:3)
  Terence (D:3)
  3 gnolls (D:3)
  4 adders
  3 dart slugs
  A worm (D:2)
  5 leopard geckos
  8 orcs
  8 bats
  A giant cockroach (D:2)
  9 goblins
  6 hobgoblins
  2 jackals (D:2)
  2 quokkas
  4 ball pythons
  3 frilled lizards
  9 kobolds
  7 rats
77 creatures vanquished.

Notes
Turn   | Place    | Note
-------+----------+-------------------------------------------
     0 | D:1      | renl the Draconian Conjurer began the quest for the Orb.
     0 | D:1      | Reached XP level 1. HP: 14/14 MP: 3/3
   190 | D:1      | Found an iron altar of Okawaru.
   232 | D:1      | Reached XP level 2. HP: 19/20 MP: 0/5
   692 | D:2      | Reached XP level 3. HP: 7/26 MP: 4/6
  1046 | D:2      | Learned a level 3 spell: Dazzling Spray
  1229 | D:2      | Reached XP level 4. HP: 33/33 MP: 0/8
  1278 | D:2      | Found an iron altar of Okawaru.
  1434 | D:3      | Found a burning altar of Makhleb.
  1434 | D:3      | Noticed Terence
  1449 | D:3      | Killed Terence
  1449 | D:3      | Reached skill level 1 in Long Blades
  1449 | D:3      | Reached skill level 5 in Conjurations
  1633 | D:3      | Reached XP level 5. HP: 39/39 MP: 3/9
  1883 | D:3      | Found an ancient bone altar of Kikubaaqudgha.
  1888 | D:3      | Found a bloodstained altar of Trog.
  2197 | D:3      | Noticed Sigmund
  2219 | D:3      | Killed from afar by Sigmund

Skill      XL: |  1  2  3  4  5 |
---------------+----------------+-----
Dodging        | 2 |  2.5
Long Blades    | 1 |  1.8
Conjurations   | 5 |  5.3
Spellcasting   | 3 |  3.3
Fighting       | |  0.7
Stealth        | |  1.7
Evocations     | |  0.4

Action                   |  1- 3 |  4- 6 || total
-------------------------+-------+-------++-------
Melee: Unarmed           |    12 |       ||    12
       Falchion          |    40 |    24 ||    64
       Tailslap          |     6 |     2 ||     8
 Cast: Magic Dart        |    77 |    88 ||   165
Evoke: Wand              |       |     5 ||     5
 Stab: Sleeping          |     1 |       ||     1
  Eat: Chunk             |     2 |     4 ||     6
Armor: Skin              |    26 |    21 ||    47
Dodge: Dodged            |    51 |    23 ||    74
       Rpst.: Falchion   |    17 |     8 ||    25
